AoeStats
← moldymilk95

Lombardia

509353087Analyzed
3v3 RM · 6d ago on Sep 26, 2026· 24m 39s· 6 players
Game mode
Random Map
Map size
Normal (6 player)
Population
200
Speed
Normal
Resources
Standard
Victory
Conquest
Starting age
Dark Age
Ending age
Imperial Age
RankedLock teamsTeams togetherTeam positionsShared explorationLock speedFull tech treeHidden civsTurbo modeCheats
Victory
Defeat
🇦🇺 Mongols · Australia
920
+12
🇦🇺 Maya · Australia
866
+14
🇦🇺 Spanish · Australia
864
+15
🇨🇱 Goths · Chile
848
-14
🇬🇧 Britons · United Kingdom
840
-14
🇲🇽 Romans · Mexico
826
-13
j.quintero_1988
1:15 Loom
10:28 Feudal Age
12:11 Man-at-Arms
15:49 Forging
15:45 Scale Barding Armor
16:45 Horse Collar
17:50 Bloodlines
24:57 Castle Age
Necropulpectomía
0:30 Loom
3:07 Loom
11:11 Feudal Age
11:10 Loom
12:33 Wheelbarrow
11:40 Horse Collar
11:47 Double-Bit Axe
20:01 Castle Age
21:11 Heavy Plow
21:24 Bow Saw
21:45 Hand Cart
paceylemon
6:48 Loom
11:15 Feudal Age
11:51 Double-Bit Axe
16:15 Horse Collar
20:55 Castle Age
22:17 Bow Saw
24:12 Gold Mining
Danye9876
11:41 Feudal Age
13:19 Double-Bit Axe
19:10 Castle Age
17:31 Horse Collar
21:15 Bow Saw
Clip it Kidd
10:45 Feudal Age
9:22 Loom
12:03 Double-Bit Axe
15:26 Castle Age
14:44 Horse Collar
17:13 Bow Saw
17:30 Gold Mining
moldymilk95
0:28 Loom
10:28 Feudal Age
11:10 Double-Bit Axe
14:51 Fletching
21:23 Castle Age
23:41 Wheelbarrow
Connection lost

Rejoining the realm…

Still unreachable

The connection could not be restored.

Session expired

The server has moved on; the page needs a fresh start.